 Dungeon Crawl Stone Soup version 0.30-a0-4-ga7cffc901d (webtiles) character file.

Game seed: 11042490912111959641

53 Setbun the Sneak (level 4, 0/25 HPs)
             Began as a Kobold Enchanter on Aug 20, 2022.
             Killed from afar by Natasha (4 damage)
             ... with a magic dart
             ... on level 2 of the Dungeon.
             The game lasted 00:00:55 (1046 turns).

Setbun the Sneak (Kobold Enchanter)                 Turns: 1046, Time: 00:00:57

Health: 0/25       AC:  5    Str:  5    XL:     4   Next: 11%
Magic:  7/7        EV: 15    Int: 16    God:
Gold:   43         SH:  0    Dex: 17    Spells: 8/8 levels left

rFire   . . .      SeeInvis .    a - +1 dagger
rCold   . . .      Faith    .    (no shield)
rNeg    . . .      Spirit   .    b - +0 robe
rPois   .          Reflect  .    (no helmet)
rElec   .          Harm     .    (no cloak)
rCorr   .          Rampage  .    (no gloves)
Will    .....                    g - +2 pair of boots
Stlth   ++++......               (no amulet)
HPRegen 0.08/turn                (no ring)
MPRegen 0.10/turn                (no ring)

@: no status effects
A: small, no large weapons, nightstalker 3
a: no special abilities


You were on level 2 of the Dungeon.
You visited 1 branch of the dungeon, and saw 2 of its levels.

You collected 43 gold pieces.

Inventory:

Hand Weapons
 a - a +1 dagger (weapon)
Armour
 b - a +0 robe (worn)
 g - a +2 pair of boots (worn)
Jewellery
 m - an amulet of guardian spirit
Scrolls
 e - 4 scrolls of enchant armour {unknown}
 h - a scroll of fear {unknown}
 i - a scroll of noise {unknown}
 l - a scroll of identify {unknown}
Potions
 c - 2 potions of invisibility
 d - a potion of mutation {unknown}
 f - 2 potions of haste {unknown}
 j - 2 potions of curing {unknown}
 k - a potion of lignification {unknown}


   Skills:
 + Level 1.0 Fighting
 * Level 2.8 Short Blades
 + Level 2.9 Dodging
 + Level 4.4 Stealth
 + Level 2.5 Spellcasting
 + Level 3.3 Hexes


You had 8 spell levels left.
You didn't know any spells.
Your spell library contained the following spells:

 Spells                   Type           Power      Damage    Failure   Level
 Ensorcelled Hibernation  Hex/Ice        14%        N/A       16%         2
 Confusing Touch          Hex            12%        N/A       16%         3
 Tukima's Dance           Hex            12%        N/A       16%         3
 Dazzling Flash           Conj/Hex       14%        N/A       30%         3
 Flame Wave               Conj/Fire      2%         2d4       89%         4
 Sticky Flame             Conj/Fire      2%         2d3       89%         4
 Summon Forest            Summ/Tloc      1%         N/A       99%         5
 Malign Gateway           Summ/Tloc      1%         N/A       100%        7


Dungeon Overview and Level Annotations

Branches:
Dungeon (2/15)

Altars:
Elyvilon

Shops:
D:1 [

Annotations:
D:2 Natasha


Innate Abilities, Weirdness & Mutations

You are small and have problems with some larger weapons.
You are completely attuned to the shadows.


Message History

The crimson imp shouts, "Out, out, thou skyhacking rude-growing blabberskite!"
The crimson imp misses you.
You hit Natasha.
Natasha is heavily wounded.
Natasha barely misses you.
You hit Natasha.
Natasha is severely wounded.
The crimson imp barely misses you.
You closely miss Natasha.
Natasha is severely wounded.
Natasha closely misses you. The crimson imp barely misses you.
You barely miss Natasha.
Natasha is severely wounded.
Natasha completely misses you. The crimson imp barely misses you.
You hit Natasha but do no damage.
Natasha is severely wounded.
Natasha barely misses you. The crimson imp closely misses you.
You closely miss Natasha.
Natasha is severely wounded.
Natasha wildly gestures.
Natasha glows brightly for a moment.
Natasha completely misses you. The crimson imp closely misses you.
You completely miss Natasha.
Natasha is severely wounded.
Natasha howls an incantation.
You feel disoriented. Natasha claws you.
* * * LOW HITPOINT WARNING * * *
You completely miss Natasha.
Natasha is severely wounded.
The crimson imp hits you but does no damage.
You hit Natasha.
Natasha is almost dead.
The crimson imp disappears in a puff of smoke!
Natasha closely misses you.
You hit Natasha but do no damage.
Natasha is almost dead.
Natasha stares at you and mumbles some strange words.
The magic dart hits you.
You die...

..>.... #....$.
##......
#.......
#..@h...
#.ยง.....
#####.#+####
.#.#######.....#
.#.#.....#.#####
...#.###.#.###
..##..........#
..............#
.#............#


You could see Natasha.

Vanquished Creatures
  Natasha (D:2)
  4 bats
  4 endoplasms (D:1)
  A giant cockroach (D:1)
  3 goblins
  2 jackals (D:2)
  2 quokkas
  2 ball pythons (D:1)
  2 frilled lizards (D:1)
  3 kobolds (D:1)
  2 rats
26 creatures vanquished.

Notes
Turn   | Place    | Note
-------+----------+-------------------------------------------
     0 | D:1      | Setbun the Kobold Enchanter began the quest for the Orb.
     0 | D:1      | Reached XP level 1. HP: 10/10 MP: 3/3
   201 | D:1      | Found a faded altar of an unknown god.
   220 | D:1      | Reached XP level 2. HP: 15/16 MP: 5/5
   504 | D:1      | Found Veqa Xat's Antique Armour Shop.
   734 | D:1      | Reached XP level 3. HP: 20/20 MP: 6/6
   849 | D:2      | Noticed Natasha
   851 | D:2      | Killed Natasha
   861 | D:2      | Reached XP level 4. HP: 24/24 MP: 7/7
   869 | D:2      | Got Sif Muna's Atlas of Twisted Heat
   925 | D:2      | Found a white marble altar of Elyvilon.
   970 | D:2      | Reached skill level 1 in Fighting
  1020 | D:2      | Noticed Natasha
  1046 | D:2      | Killed from afar by Natasha

Illustrated notes

Levels and vault maps discovered:
D:1:      tarquinn_simple_flora_water_a, layout_basic,
          ebering_ecumenical_altar_mist, serial_shops, shop
D:2:      layout_basic, basic_altar, uniq_natasha

Skill      XL: |  1  2  3  4 |
---------------+-------------+-----
Short Blades   | 2 |  2.8
Fighting       | 1 |  1.0
Dodging        | |  2.9
Stealth        | |  4.4
Spellcasting   | |  2.5
Hexes          | |  3.3

Action                   |  1- 3 |  4- 6 || total
-------------------------+-------+-------++-------
Melee: Dagger            |    31 |    29 ||    60
       Punch             |       |     1 ||     1
 Stab: Sleeping          |    15 |     4 ||    19
Armor: Robe              |     6 |     3 ||     9
Dodge: Dodged            |     8 |    25 ||    33

Table legend: (Time is in decaauts)
 A = Elapsed time spent in this place.
 B = Non-inter-level travel time spent in this place.
 C = Inter-level travel time spent in this place.
 D = Time resting spent in this place.
 E = Time spent auto-exploring this place.
 F = Levels seen in this place.
 G = Mean time per level.
                   A        B        C        D        E       F      G
               +--------+--------+--------+--------+--------+-----+--------+
         Total |   1038 |   1021 |     17 |      0 |    855 |   2 |  519.0 |
       Dungeon |   1038 |   1021 |     17 |      0 |    855 |   2 |  519.0 |
               +--------+--------+--------+--------+--------+-----+--------+

Top non-repeatable levels by time:
     D:1: 846 daAuts
     D:2: 191 daAuts
